 Dungeon Crawl Stone Soup version 0.19.1 (webtiles) character file.

47 kae the Firebug (level 3, -1/19 HPs)
             Began as a Tengu Fire Elementalist on Dec 21, 2016.
             Slain by an adder (2 damage)
             ... on level 2 of the Dungeon.
             The game lasted 00:02:09 (1115 turns).

kae the Firebug (Tengu Fire Elementalist)           Turns: 1115, Time: 00:02:10

Health: -1/19      AC:  3    Str:  8    XL:     3   Next: 70%
Magic:  7/7        EV: 12    Int: 16    God:
Gold:   117        SH:  0    Dex: 14    Spells: 1 memorised, 5 levels left

rFire  . . .     SeeInvis .     h - +3 whip (flame)
rCold  . . .     Gourm    .     a - +1 robe
rNeg   . . .     Faith    .     (no shield)
rPois  .         Spirit   .     (helmet restricted)
rElec  .         Reflect  .     (no cloak)
rCorr  .         Harm     .     (no gloves)
MR     .....                    (boots unavailable)
Stlth  ++........               (no amulet)
                                (no ring)
                                (no ring)

@: lethally poisoned (-1 -> -17)
A: beak, talons 3
a: no special abilities


You were on level 2 of the Dungeon.
You were not hungry.

You visited 1 branch of the dungeon, and saw 2 of its levels.

You collected 117 gold pieces.

Inventory:

Hand Weapons
 h - a +3 whip of flaming (weapon)
Armour
 a - a +1 robe (worn)
Scrolls
 f - a scroll of noise {unknown}
 g - a scroll of fog {unknown}
Potions
 e - a potion of beneficial mutation {unknown}
 j - a potion of resistance {unknown}
 m - a potion of curing
Books
 b - a book of Flames

   Spells                             Type                      Level
   a - Flame Tongue                   Conjuration/Fire             1
   b - Throw Flame                    Conjuration/Fire             2
   c - Conjure Flame                  Conjuration/Fire             3
   d - Inner Flame                    Hexes/Fire                   3
   e - Sticky Flame                   Conjuration/Fire             4
   f - Fireball                       Conjuration/Fire             5
Comestibles
 c - 2 bread rations
 d - a beef jerky
 i - a chunk of flesh


   Skills:
 - Level 2.1 Dodging
 - Level 2.0 Stealth
 + Level 2.4 Spellcasting
 * Level 2.4 Conjurations
 * Level 4.2 Fire Magic


You had 5 spell levels left.
You knew the following spells:

 Your Spells              Type           Power        Failure   Level  Hunger
a - Flame Tongue          Conj/Fire      ##...        8%          1    #......


Dungeon Overview and Level Annotations

Branches:
Dungeon (2/15)

Altars:
Hepliaklqana
Uskayaw


Innate Abilities, Weirdness & Mutations

You have a beak for a mouth.
You have claws for feet.


Message History

You are lethally poisoned!
The adder poisons you!
You barely miss the adder. Your kick misses the adder.
* * * LOW HITPOINT WARNING * * *
You feel sick. The adder barely misses you. The adder bites you.
* * * LOW HITPOINT WARNING * * *
You are more poisoned.
The adder poisons you!
You closely miss the adder. You claw the adder.
The adder is lightly wounded.
* * * LOW HITPOINT WARNING * * *
You feel sick. The adder bites you.
* * * LOW HITPOINT WARNING * * *
You are more poisoned.
The adder poisons you!
You miss the adder. Your peck misses the adder.
The adder is lightly wounded.
* * * LOW HITPOINT WARNING * * *
You feel sick. The adder bites you.
You die...

...##........
...##...###.........#
...'......#.........#
...####.#.#.........####
........#..........?...#.
...................... ..
.....######...#.....# .#
................S...#..##
................@........
...............#.$.....#
...............#....<..#
.....#########'#.........
.....####..............##
.......##..........#####
.......##..........#
.......##..........#
.......##..........#


You could see an adder.

Vanquished Creatures
  An adder (D:2)
  3 dart slugs
  A ball python (D:1)
  A giant cockroach (D:1)
  4 goblins
  5 hobgoblins
  4 kobolds
  7 bats
  2 frilled lizards
  3 rats (D:1)
31 creatures vanquished.

Notes
Turn   | Place    | Note
-------+----------+-------------------------------------------
     0 | D:1      | kae the Tengu Fire Elementalist began the quest for the Orb.
     0 | D:1      | Reached XP level 1. HP: 10/10 MP: 4/4
   132 | D:1      | Reached XP level 2. HP: 11/15 MP: 0/6
   617 | D:1      | Reached skill level 4 in Fire Magic
   617 | D:1      | Reached XP level 3. HP: 10/19 MP: 0/7
   830 | D:2      | Found a hazy altar of Hepliaklqana.
   991 | D:2      | Found a hide-covered altar of Uskayaw.
  1115 | D:2      | Slain by an adder

Skill      XL: |  1  2 |
---------------+-------+-----
Conjurations   | 2 |  2.4
Fire Magic     | 4 |  4.2
Dodging        | |  2.1
Stealth        | |  2.0
Spellcasting   | |  2.4

Action                   || total
-------------------------++-------
Melee: Peck              ||     3
       Unarmed           ||     1
       Whip              ||    40
       Kick              ||     7
 Cast: Flame Tongue      ||    19
  Use: Scroll            ||     6
 Stab: Sleeping          ||     5
  Eat: Chunk             ||     1
Armor: Robe              ||     6
Dodge: Dodged            ||    20
